 Dungeon Crawl Stone Soup version 0.21.1-1-g345015f (webtiles) character file.

10266 sanboga the Fighter (level 11, -16/73 HPs)
             Began as a Gargoyle Berserker on Apr 19, 2018.
             Was the Champion of Trog.
             Killed by Ozocubu's Refrigeration
             ... invoked by Fannar
              (18 damage)
             ... on level 10 of the Dungeon.
             The game lasted 00:25:21 (11124 turns).

sanboga the Fighter (Gargoyle Berserker)           Turns: 11124, Time: 00:25:21

Health: -16/73     AC: 27    Str: 24    XL:     11   Next: 59%
Magic:  11/11      EV: 10    Int:  8    God:    Trog [******]
Gold:   1077       SH:  0    Dex:  9    Spells: 10/10 levels left

rFire    . . .     SeeInvis .   u - +3 battleaxe
rCold    . . .     Gourm    .   (shield currently unavailable)
rNeg     + . .     Faith    .   r - +0 plate armour
rPois    ∞         Spirit   .   e - +1 helmet
rElec    +         Reflect  .   s - +0 cloak
rCorr    .         Harm     .   F - +0 pair of gloves
MR       .....                  (no boots)
Stlth    ..........             (no amulet)
HPRegen  0.22/turn              (no ring)
MPRegen  0.12/turn              (no ring)

@: berserk cooldown, slowed, very slow
A: negative energy resistance 1, electricity resistance, unbreathing,
petrification resistance, rot immunity, AC +8
a: Berserk, Trog's Hand, Brothers in Arms, Burn Spellbooks, Renounce Religion


You were on level 10 of the Dungeon.
You worshipped Trog.
Trog was exalted by your worship.
You were hungry.

You visited 1 branch of the dungeon, and saw 10 of its levels.
You also visited: Sewer and Bailey.

You collected 1167 gold pieces.
You spent 90 gold pieces at shops.

Inventory:

Hand Weapons
 u - a +3 battleaxe (weapon)
Armour
 e - a +1 helmet (worn)
 r - a +0 plate armour (worn)
 s - a +0 cloak (worn)
 F - a +0 pair of gloves (worn)
Jewellery
 x - a +1 ring of evasion {unknown}
Wands
 f - a wand of polymorph (19)
 h - a wand of scattershot (2)
 n - a wand of random effects (59)
 w - a wand of acid (15)
 z - a wand of flame (66)
 C - a wand of enslavement (14)
Scrolls
 i - a scroll of immolation
 j - a scroll of fog
 k - 3 scrolls of remove curse
 l - 6 scrolls of teleportation
 m - 2 scrolls of blinking
 t - 2 scrolls of magic mapping
 v - a scroll of enchant weapon
 B - 2 scrolls of fear
Potions
 a - 2 potions of experience {unknown}
 b - 5 potions of curing
 g - a potion of haste
 o - a potion of agility
 p - 6 potions of flight
 q - 3 potions of heal wounds
 A - a potion of cancellation {unknown}
Books
 d - the Papyrus of the Frostbite and Toxins
   (You found it on level 6 of the Dungeon)

   Spells                             Type                      Level
   a - Ensorcelled Hibernation        Hexes/Ice                    2
   b - Poisonous Vapours              Poison/Air                   2
   c - Ozocubu's Armour               Charms/Ice                   3
   d - Summon Ice Beast               Ice/Summoning                4
   e - Olgreb's Toxic Radiance        Poison                       4
   f - Venom Bolt                     Conjuration/Poison           5
   Trog disapproves of the use of such an item.
 y - a Young Poisoner's Handbook

   Spells                             Type                      Level
   a - Sting                          Conjuration/Poison           1
   b - Poisonous Vapours              Poison/Air                   2
   c - Mephitic Cloud                 Conjuration/Poison/Air       3
   d - Olgreb's Toxic Radiance        Poison                       4
   e - Venom Bolt                     Conjuration/Poison           5
   Trog disapproves of the use of such an item.
 E - a book of Beasts

   Spells                             Type                      Level
   a - Summon Butterflies             Summoning                    1
   b - Call Canine Familiar           Summoning                    3
   c - Summon Ice Beast               Ice/Summoning                4
   d - Summon Mana Viper              Hexes/Summoning              5
   e - Summon Hydra                   Summoning                    7
   Trog disapproves of the use of such an item.
Comestibles
 c - 23 rations
 D - 15 chunks of flesh


   Skills:
 + Level 10.3 Fighting
 * Level 9.3 Axes
 + Level 10.1 Armour
 - Level 7.1 Dodging


You had 10 spell levels left.
You didn't know any spells.

Dungeon Overview and Level Annotations

Branches:
Dungeon (10/15)            Temple (0/1) D:7
   Lair: D:8-11         Orc: D:9-12

Altars:
Ashenzari
Cheibriados
Dithmenos
Fedhas
Gozag
Nemelex Xobeh
Qazlal
Ru
Trog
Uskayaw
Xom
Yredelemnul
Zin

Shops:
D:4 }   D:6 ?   D:8 }

Annotations:
D:10 Fannar


Innate Abilities, Weirdness & Mutations

You are resistant to torment.
Your stone body is resilient. (AC +8)
You are immune to poison.
You resist negative energy. (rN+)
You are resistant to electric shocks. (rElec)
You can survive without breathing.
You are immune to petrification.
You are immune to rotting.


Message History

Fannar hits you but does no damage. The ice beast closely misses you.
Fannar hits you but does no damage.
You miss Fannar.
Fannar is heavily wounded.
You slash the ice beast!
The ice beast hits you but does no damage.
Fannar points at you and mumbles some strange words.
The bolt of cold hits you! The ice beast hits you. The ice beast freezes you!
* * * LOW HITPOINT WARNING * * *
Fannar murmurs some mystic words to himself.
Fannar gestures at you while chanting. The bolt of cold hits you!
* * * LOW HITPOINT WARNING * * *
You slice Fannar!!
Fannar is almost dead.
You slash the ice beast! The ice beast barely misses you.
Fannar casts a spell.
Fannar drains the heat from the surrounding environment!
You feel very cold.
You die...

########## ###Y.......#
######### #...@......#
#.......# #.#e.......#
###.......# #........#
..'.......# #........#
###.......###.#........#
#.......'...#...[....#
#.......#####...)....#
######'## ###.######
#..## #.#


You could see Fannar and an ice beast.

Vanquished Creatures
  3 two-headed ogres
  The ghost of SomeFlowers the Martial Artist, a novice OpTm of Gozag (D:6)
  The ghost of Paag the Charmwright, an amateur GnSk (D:5)
  8 yaks
  4 hogs (D:7)
  A human (D:7)
  A steam dragon (D:10)
  Duvessa (D:4)
  A water moccasin (D:6)
  2 ice beasts
  An orc warrior (D:7)
  The ghost of bellsore the Skirmisher, an amateur MiFi (D:3)
  3 black bears
  3 centaurs
  7 ogres
  4 big kobolds
  5 bullfrogs
  9 gnoll sergeants
  Dowan (D:4)
  4 scorpions
  A water moccasin skeleton (D:9)
  4 wights (D:8)
  5 crimson imps
  12 hounds
  3 centaur skeletons
  4 orc priests
  8 gnoll shamans
  10 orc wizards
  Ijyb (D:4)
  Crazy Yiuf (D:7)
  5 bullfrog skeletons
  4 iguanas
  Natasha (thrice) (D:4)
  12 worker ants
  A killer bee zombie (D:9)
  A worker ant zombie (D:6)
  Robin (D:2)
  21 gnolls
  9 adders
  2 howler monkey skeletons
  6 river rats
  3 oozes
  An adder skeleton (D:9)
  5 worms
  2 dart slugs
  3 leopard geckos
  42 orcs
  7 bats
  7 giant cockroaches
  19 goblins
  15 hobgoblins
  18 jackals
  7 quokkas
  7 ball pythons
  11 frilled lizards
  39 kobolds
  A quokka skeleton (D:6)
  2 quokka zombies
  42 rats
406 creatures vanquished.

Notes
Turn   | Place    | Note
-------+----------+-------------------------------------------
     0 | D:1      | sanboga the Gargoyle Berserker began the quest for the Orb.
     0 | D:1      | Reached XP level 1. HP: 14/14 MP: 1/1
   339 | D:1      | Reached XP level 2. HP: 19/19 MP: 2/2
   572 | D:1      | Reached ** piety under Trog
   623 | D:1      | Reached XP level 3. HP: 23/23 MP: 3/3
  1068 | D:2      | Noticed Robin
  1083 | D:2      | Killed Robin
  1083 | D:2      | Reached XP level 4. HP: 29/29 MP: 4/4
  1158 | D:2      | Reached *** piety under Trog
  1392 | D:2      | Reached XP level 5. HP: 33/33 MP: 5/5
  1921 | D:3      | Found a snail-covered altar of Cheibriados.
  1948 | D:3      | Found a shimmering altar of Xom.
  1971 | D:3      | Found a glowing silver altar of Zin.
  1971 | D:3      | Found an opulent altar of Gozag.
  2041 | D:3      | Noticed bellsore's ghost (amateur MiFi)
  2050 | D:3      | Killed bellsore's ghost
  2050 | D:3      | Reached XP level 6. HP: 39/39 MP: 6/6
  2220 | D:3      | Found a glowing drain.
  2271 | Sewer    | Entered a sewer
  2440 | Sewer    | Reached **** piety under Trog
  3052 | Sewer    | Reached skill level 5 in Fighting
  3052 | Sewer    | Reached XP level 7. HP: 41/44 MP: 7/7
  3689 | D:4      | Reached ***** piety under Trog
  3812 | D:4      | Noticed Ijyb
  3824 | D:4      | Killed Ijyb
  3825 | D:4      | Found Sumuogua's Gadget Boutique.
  3934 | D:4      | Noticed Dowan
  3935 | D:4      | Noticed Duvessa
  3947 | D:4      | Killed Duvessa
  3947 | D:4      | Killed Dowan
  3947 | D:4      | Reached skill level 5 in Armour
  4115 | D:4      | Noticed Natasha
  4122 | D:4      | Killed Natasha
  4146 | D:4      | Noticed Natasha
  4152 | D:4      | Killed Natasha
  4200 | D:4      | Reached XP level 8. HP: 41/51 MP: 8/8
  4326 | D:4      | Noticed Natasha
  4336 | D:4      | Killed Natasha
  4537 | D:5      | Entered Level 5 of the Dungeon
  4558 | D:5      | Reached skill level 5 in Axes
  4827 | D:5      | Found a blossoming altar of Fedhas.
  4884 | D:5      | Noticed Paag's ghost (amateur GnSk)
  4900 | D:5      | Killed Paag's ghost
  4965 | D:5      | Found a bloodstained altar of Trog.
  5197 | D:6      | Reached XP level 9. HP: 55/56 MP: 9/9
  5253 | D:6      | Reached skill level 5 in Dodging
  5291 | D:6      | Noticed SomeFlowers's ghost (novice OpTm)
  5305 | D:6      | Killed SomeFlowers's ghost
  5408 | D:6      | Found Siats's Magic Scroll Emporium.
  5421 | D:6      | Bought a scroll of enchant weapon for 90 gold pieces
  5452 | D:6      | Received a gift from Trog
  6120 | D:6      | Identified the Papyrus of the Frostbite and Toxins
  6279 | D:6      | Reached XP level 10. HP: 50/64 MP: 10/10
  7159 | D:7      | Found a runed door.
  7163 | D:7      | Noticed Crazy Yiuf
  7166 | D:7      | Killed Crazy Yiuf
  7631 | D:7      | Found a staircase to the Ecumenical Temple.
  8046 | D:8      | Found a flagged portal.
  8065 | Bailey   | Entered a bailey
  8214 | Bailey   | Received a gift from Trog
  8616 | D:8      | Noticed a two-headed ogre
  8629 | D:8      | Killed a two-headed ogre
  8629 | D:8      | Reached XP level 11. HP: 37/72 MP: 11/11
  8878 | D:8      | Found a stormy altar of Qazlal.
  9022 | D:8      | Found a basalt altar of Yredelemnul.
  9023 | D:8      | Found a shattered altar of Ashenzari.
  9144 | D:8      | Found a sacrificial altar of Ru.
  9220 | D:8      | Reached ****** piety under Trog
  9415 | D:8      | Found a hide-covered altar of Uskayaw.
  9415 | D:8      | Found Utsok's Gadget Boutique.
  9675 | D:9      | Noticed a two-headed ogre
  9682 | D:9      | Killed a two-headed ogre
  9682 | D:9      | Reached skill level 10 in Fighting
  9683 | D:9      | Noticed a two-headed ogre
 10030 | D:9      | Killed a two-headed ogre
 10321 | D:9      | Found a shadowy altar of Dithmenos.
 10428 | D:9      | Reached skill level 10 in Armour
 10675 | D:9      | Found a blossoming altar of Fedhas.
 10676 | D:9      | Found a sparkling altar of Nemelex Xobeh.
 10847 | D:10     | Entered Level 10 of the Dungeon
 11080 | D:10     | Received a gift from Trog
 11097 | D:10     | Noticed Fannar
 11123 | D:10     | HP: 2/73 [Fannar/bolt of cold (19)]
 11124 | D:10     | Killed from afar by Fannar

Skill      XL: |  1  2  3  4  5  6  7  8  9 10 11 |
---------------+----------------------------------+-----
Axes           | 3 4 5 6 8 9 |  9.3
Dodging        | 2 3 4 5 7 |  7.1
Fighting       | 4 5 6 8 9 10 | 10.3
Armour         | 3 4 5 6 7 9 10 | 10.1

Action                   |  1- 3 |  4- 6 |  7- 9 | 10-12 || total
-------------------------+-------+-------+-------+-------++-------
Melee: Hand axe          |   132 |   327 |   522 |    51 ||  1032
       Battleaxe         |       |       |       |   400 ||   400
Invok: Berserk           |     1 |     1 |     4 |     2 ||     8
  Use: Scroll            |     2 |     1 |    13 |     2 ||    18
       Potion            |       |       |     3 |     1 ||     4
 Stab: Distracted        |       |       |       |     1 ||     1
  Eat: Chunk             |     1 |     8 |    14 |    19 ||    42
Armor: Animal skin       |     6 |       |       |       ||     6
       Chain mail        |    88 |   341 |   385 |       ||   814
       Plate armour      |       |       |    20 |   494 ||   514
Dodge: Dodged            |    87 |   257 |   311 |   339 ||   994
